 Dungeon Crawl Stone Soup version 0.24.1-11-gbbbb2193e6 (webtiles) character file.

Game seed: 15944294019060809054, levelgen mode: deterministic

41 Hugehornet the Insei (level 3, 0/23 HPs)
             Began as an Octopode Transmuter on May 13, 2020.
             Slain by Robin
             ... wielding a +0 spear
              (7 damage)
             ... on level 2 of the Dungeon.
             The game lasted 00:02:17 (1261 turns).

Hugehornet the Insei (Octopode Transmuter)          Turns: 1261, Time: 00:02:18

Health: 0/23       AC:  2    Str:  9    XL:     3   Next: 52%
Magic:  5/6        EV: 19    Int: 16    God:
Gold:   74         SH:  0    Dex: 17    Spells: 1/7 levels left

rFire    . . .     SeeInvis .     - Unarmed
rCold    . . .     Gourm    .   (shield currently unavailable)
rNeg     . . .     Faith    .   (helmet currently unavailable)
rPois    x         Spirit   .   b - amulet of magic regeneration
rElec    .         Reflect  .   (no ring)
rCorr    .         Harm     .   (no ring)
MR       .....                  (no ring)
Stlth    ++........             (no ring)
HPRegen  0.07/turn              (no ring)
MPRegen  0.35/turn              (no ring)
                                (no ring)
                                (no ring)

@: lethally poisoned (0 -> -8), spider-form, hasted, very quick
A: tiny, almost no armour, stealthy swim, (amphibious), 8 rings, (constrict 8)
a: End Transformation


You were on level 2 of the Dungeon.
You were hungry.
You were a venomous arachnid creature.
You visited 1 branch of the dungeon, and saw 2 of its levels.

You collected 74 gold pieces.

Inventory:

Missiles
 a - 12 arrows
Armour
 h - a +0 buckler
Jewellery
 b - an amulet of magic regeneration (around neck)
Scrolls
 d - a scroll of amnesia {unknown}
 j - a scroll of remove curse {unknown}
Potions
 e - a potion of lignification
 f - a potion of heal wounds {unknown}
 g - a potion of haste
 i - a potion of degeneration {unknown}
Comestibles
 c - 5 rations


   Skills:
 - Level 1.0 Fighting
 - Level 2.0 Dodging
 + Level 3.1 Unarmed Combat
 + Level 2.5 Spellcasting
 - Level 3.0 Transmutations
 * Level 1.1 Poison Magic


You had one spell level left.
You knew the following spells:

 Your Spells              Type           Power        Failure   Level  Hunger
a - Beastly Appendage     Tmut           ##....       17%         1    #......
b - Sticks to Snakes      Tmut           ##......     22%         2    ##.....
c - Spider Form           Tmut/Pois      #.........   47%         3    ###....

Your spell library contained the following spells:

 Spells                   Type           Power        Failure   Level  Hunger
 Ice Form                 Ice/Tmut       #.......     87%         4    #####..
 Blade Hands              Tmut           ##........   95%         5    ######.


Dungeon Overview and Level Annotations

Branches:
Dungeon (2/15)

Altars:
Fedhas

Annotations:
D:2 Robin


Innate Abilities, Weirdness & Mutations

You cannot wear most types of armour.
You are very stealthy in the water. (Stealth+)
((You are amphibious.))
You can wear up to eight rings at the same time.
((You can use your tentacles to constrict eight enemies at once.))
((Your skin changes colour to match your surroundings (Stealth+).))
((Your rubbery body absorbs attacks. (AC +1, EV +1)))


Message History

a +0 dagger of venom; a +0 club; a goblin corpse; a hobgoblin corpse You feel sick.
A hobgoblin comes into view.
Things that are here:
a +0 club; a goblin corpse You closely miss Robin.
Robin says, "Kneel, worm!"
Robin completely misses you.
The hobgoblin shouts!
You hit Robin.
Robin is poisoned.
Robin is moderately wounded.
You hear an angry hiss.
The goblin misses you. Robin misses you.
You closely miss Robin.
Robin is moderately wounded.
You feel sick.
You hit Robin but do no damage.
Robin looks as sick as possible!
Robin is moderately wounded.
The goblin misses you. Robin hits you with a +0 spear!
You die...

#.## #..# #..#
#.#####..# ##
#........## ...
###.#####...# ...
#.........#.## .%#
#.........#..####...###
#.........##gsgg)......
#.........##.####.#.###
#.........##..# #
##........###..#
#.........# #..#
#.........# #..g#
#.........# #.#.#
#.######### #..g..
###.#####


gg.gg.. You could see Robin and 2 goblins.

Vanquished Creatures
  A worm (D:2)
  3 leopard geckos (D:1)
  A bat (D:1)
  3 giant cockroaches (D:1)
  10 goblins
  7 hobgoblins
  2 kobolds (D:1)
  A frilled lizard (D:2)
  2 rats (D:1)
30 creatures vanquished.

Notes
Turn   | Place    | Note
-------+----------+-------------------------------------------
     0 | D:1      | Hugehornet the Octopode Transmuter began the quest for the
                  | Orb.
     0 | D:1      | Reached XP level 1. HP: 13/13 MP: 3/3
   249 | D:1      | Reached XP level 2. HP: 13/18 MP: 3/5
   253 | D:1      | Learned a level 2 spell: Sticks to Snakes
   909 | D:1      | Reached XP level 3. HP: 23/23 MP: 4/6
   914 | D:1      | Learned a level 3 spell: Spider Form
  1136 | D:2      | Found a blossoming altar of Fedhas.
  1227 | D:2      | Noticed Robin
  1253 | D:2      | Reached skill level 1 in Poison Magic
  1261 | D:2      | Slain by Robin

Levels and vault maps discovered:
D:1:      lightli_arrival_flooded_house, layout_basic, columned_hall_lemuel,
          serial_bayou_pond_d, minmay_misc_feat_square
D:2:      layout_basic, overflow_temple_1_default, uniq_robin

Skill      XL: |  1  2  3 |
---------------+----------+-----
Transmutations | 3 |  3.0
Poison Magic   | 1 |  1.1
Fighting       | |  1.0
Dodging        | |  2.0
Unarmed Combat | |  3.1
Spellcasting   | |  2.5

Action                   || total
-------------------------++-------
Melee: Unarmed           ||    66
       Constrict         ||    15
       Kick              ||     8
       Tentacles         ||     6
       Punch             ||     2
 Cast: Beastly Appendage ||    18
       Spider Form       ||     2
  Use: Scroll            ||     2
       Potion            ||     1
 Stab: Sleeping          ||     6
  Eat: Chunk             ||     1
Armor: Skin              ||     3
Dodge: Dodged            ||    37
